 Dungeon Crawl Stone Soup version 0.20.1-1-g8b1a95d (webtiles) character file.

433 troglodite the Skirmisher (level 6, 0/72 HPs)
             Began as a Demonspawn Berserker on Dec 7, 2017.
             Was a Believer of Trog.
             Slain by a gnoll
             ... wielding a +0 spear
              (2 damage)
             ... on level 3 of the Dungeon.
             The game lasted 00:11:25 (2563 turns).

troglodite the Skirmisher (Demonspawn Berserker)    Turns: 2563, Time: 00:11:27

Health: 0/72       AC: 11    Str: 22    XL:     6   Next: 67%
Magic:  0/6        EV:  9    Int:  8    God:    Trog [**....]
Gold:   184        SH:  0    Dex: 15    Spells: 5/5 levels left

rFire    + . .     SeeInvis .   k - +3 spear (distort)
rCold    . . .     Gourm    .   (no shield)
rNeg     . . .     Faith    .   r - +0 chain mail
rPois    +         Spirit   +   (helmet restricted)
rElec    .         Reflect  .   l - scarf {Spirit}
rCorr    .         Harm     .   (no gloves)
MR       .....                  (no boots)
Stlth    ..........             (no amulet)
Regen    0.3/turn               p - ring of poison resistance
MPRegen  0.1/turn               n - ring of protection from fire

@: berserking, very quick
A: antennae 2, iridescent scales 1, rot immunity
a: Berserk, Trog's Hand, Burn Spellbooks, Renounce Religion


You were on level 3 of the Dungeon.
You worshipped Trog.
Trog was pleased with you.
You were very hungry.

You visited 1 branch of the dungeon, and saw 3 of its levels.

You collected 184 gold pieces.

Inventory:

Hand Weapons
 a - a +2 hand axe of flaming
 b - a +2 vampiric short sword
 k - a +3 spear of distortion (weapon)
Armour
 l - a scarf of spirit shield (worn)
 r - a +0 chain mail (worn)
Jewellery
 g - an uncursed ring of stealth
 n - a ring of protection from fire (right hand)
 p - a ring of poison resistance (left hand)
Scrolls
 d - a scroll of teleportation {unknown}
 o - 3 scrolls of remove curse {unknown}
 t - a scroll of recharging {unknown}
 v - a scroll of identify {unknown}
 w - a scroll of amnesia {unknown}
Potions
 e - 2 potions of curing {unknown}
 h - 2 potions of lignification {unknown}
 i - 2 potions of brilliance {unknown}
 j - 2 potions of haste {unknown}
 m - a potion of resistance {unknown}
 q - a potion of agility {unknown}
 s - a potion of flight {unknown}
Comestibles
 c - 3 bread rations
 f - a meat ration
 u - 7 chunks of flesh


   Skills:
 * Level 4.2 Fighting
   Level 2.9 Long Blades
 + Level 2.9 Polearms
 * Level 3.8 Armour
 * Level 2.8 Dodging
 + Level 1.8 Stealth


You had 5 spell levels left.
You didn't know any spells.

Dungeon Overview and Level Annotations

Branches:
Dungeon (3/15)

Altars:
Dithmenos


Innate Abilities, Weirdness & Mutations

You have a pair of antennae on your head.
You are partially covered in iridescent scales. (AC +2)
You are immune to rotting.


Message History

You eat one of the 9 chunks of flesh.
This raw flesh tastes terrible.
The gnoll hits you but does no damage. The gnoll barely misses you.
Some of the chunks of flesh in your inventory have rotted away.
A red film seems to cover your vision as you go berserk!
You feel yourself moving faster!
You feel mighty!
You are feeling very hungry.
The gnoll disappears!
The gnoll hits you from afar with a spear.
* * * LOW HITPOINT WARNING * * *
You feel a strong urge to attack something.
The gnoll hits you but does no damage.
The gnoll hits you from afar with a spear.
* * * LOW HITPOINT WARNING * * *
There is an open door here.
You see here a spear.
You puncture the gnoll!
Space bends around the gnoll.
You kill the gnoll!
Trog accepts your kill. The gnoll hits you with a spear.
You die...

########..#######################
.................................
≈≈≈≈≈≈≈....≈≈≈≈≈≈≈≈≈≈≈≈≈≈≈≈≈≈≈...
≈≈≈≈≈≈≈)...≈≈≈≈≈≈≈≈≈≈≈≈≈≈≈≈≈≈≈...
≈≈≈≈≈≈≈....≈≈≈≈≈≈≈≈≈≈≈≈#####≈≈...
.......................#.g{#≈≈...
#######''''#############...#≈≈P..
#######....#######)....#+###≈≈...
'.....'...gggggg@§.....# #.≈≈≈...
#######....#######.....#{#.≈≈≈...
# ##''## ####### #.≈≈≈... { ..g.{
#.≈≈≈..P { ....{{.. #.≈≈≈...
.g...gg.g.g{ #.≈≈≈... {
............ #.≈≈≈...
######++##### #.≈≈≈... #+###≈≈...


You could see 6 gnolls.

Vanquished Creatures
  An ogre (D:3)
  The ghost of dscm the Skirmisher, a weakling DsFi (D:3)
  A quasit (D:3)
  A gnoll shaman (D:3)
  12 gnolls (D:3)
  An ooze (D:1)
  A worm (D:2)
  A dart slug (D:3)
  4 leopard geckos
  2 orcs (D:3)
  A ball python (D:3)
  3 bats
  A giant cockroach (D:2)
  8 goblins
  4 hobgoblins
  13 jackals (D:3)
  6 kobolds
  A quokka (D:3)
  3 frilled lizards
  6 rats
71 creatures vanquished.

Vanquished Creatures (others)
  A gnoll shaman (D:3)
  4 gnolls (D:3)
  A jackal (D:3)
6 creatures vanquished.

Grand Total: 77 creatures vanquished

Notes
Turn   | Place    | Note
-------+----------+-------------------------------------------
     0 | D:1      | troglodite the Demonspawn Berserker began the quest for the Orb.
     0 | D:1      | Reached XP level 1. HP: 18/18 MP: 1/1
   463 | D:1      | Gained mutation: You are immune to rotting. [demonic ancestry]
   463 | D:1      | Reached XP level 2. HP: 24/24 MP: 2/2
   996 | D:2      | Gained mutation: You are partially covered in iridescent scales. (AC +2) [demonic ancestry]
   996 | D:2      | Reached XP level 3. HP: 29/29 MP: 3/3
  1233 | D:3      | Reached skill level 1 in Stealth
  1243 | D:3      | Noticed dscm's ghost (weakling DsFi)
  1256 | D:3      | Killed dscm's ghost
  1256 | D:3      | Gained mutation: You have a pair of small antennae on your head. [demonic ancestry]
  1256 | D:3      | Reached XP level 4. HP: 36/36 MP: 2/4
  1336 | D:3      | Reached skill level 1 in Polearms
  1389 | D:3      | Reached ** piety under Trog
  1541 | D:3      | Found a shadowy altar of Dithmenos.
  2032 | D:3      | Gained mutation: You have a pair of antennae on your head. [demonic ancestry]
  2032 | D:3      | Reached XP level 5. HP: 42/42 MP: 5/5
  2476 | D:3      | Noticed an ogre
  2484 | D:3      | Reached skill level 4 in Fighting
  2522 | D:3      | Reached XP level 6. HP: 41/48 MP: 6/6
  2561 | D:3      | HP: 2/72 [gnoll/spear (4)]
  2563 | D:3      | Slain by a gnoll

Skill      XL: |  1  2  3  4  5 |
---------------+----------------+-----
Dodging        | 2 |  2.8
Armour         | 2 3 |  3.8
Stealth        | 1 |  1.8
Polearms       | 1 2 |  2.9
Fighting       | 4 |  4.2
Long Blades    | |  2.9

Action                   |  1- 3 |  4- 6 || total
-------------------------+-------+-------++-------
Melee: Falchion          |    34 |       ||    34
       Spear             |    37 |   129 ||   166
Invok: Berserk           |     2 |     3 ||     5
 Stab: Sleeping          |     4 |       ||     4
  Eat: Chunk             |     2 |     7 ||     9
Armor: Animal skin       |     7 |       ||     7
       Chain mail        |     4 |   129 ||   133
       Ring mail         |     1 |       ||     1
Dodge: Dodged            |    35 |    66 ||   101
       Rpst.: Falchion   |     9 |       ||     9
